Cogmind - Beta 14 @@@ ROGUE MODE // 2024.10.16 @ 19:31:46 Player: Mutetourette Result: Destroyed by Autobeam Turret with Autobeam Performance ------------- Evolutions (0) 0 Regions Visited (3) 600 Robots Destroyed (8) 40 Value Destroyed (225) 225 Prototype IDs (0) 0 Alien Tech Used (0) 0 Bonus (0) 0 TOTAL SCORE: 865 Bonus ------- None Cogmind --------- Core Integrity 0/250 Matter 200/300 Energy 100/100 System Corruption 0% Temperature Cool (24) Movement Treading (160) Location -10/Subcaves Parts ------- > --- POWER (1) -------- (None) > --- PROPULSION (2) --- Spiked Treads > --- UTILITY (2) ------ Small Storage Unit Seismic Detector > --- WEAPON (2) ------- Medium Laser > --- INVENTORY (8) ---- Light Treads Aluminum Leg Disposable Heat Sink Subdweller Beam Cannon Subdweller Machine Gun Mining Laser Mining Claw Shrapnel Trap Peak State ------------ > --- POWER ------------ Light Ion Engine > --- PROPULSION ------- Aluminum Leg Aluminum Leg > --- UTILITY ---------- Small Storage Unit Seismic Detector > --- WEAPON ----------- Assault Rifle Light Assault Rifle > --- INVENTORY -------- Light Ion Engine Light Treads Light Treads Improved Terrain Scanner Propulsion Shielding Medium Laser Mining Laser Mining Claw [Rating: 8] Favorites ----------- Power Light Ion Engine Engine Light Ion Engine Propulsion Aluminum Leg Treads Spiked Treads Leg Aluminum Leg Utility Small Storage Unit Device Seismic Detector Storage Small Storage Unit Protection Propulsion Shielding Weapon Assault Rifle Energy Gun Medium Laser Ballistic Gun Assault Rifle Ballistic Cannon Light Cannon Build | -11 -10 -10 -10 ------- Run | Yrd Mat Min Sub Slots Evolved . | . . . . Power . | . . . . Propulsion . | . . . . Utility . | . . . . Weapon . | . . . . Parts Attached 19 | 8 4 1 6 Power 2 | 1 . . 1 Engine 2 | 1 . . 1 Core . | . . . . Reactor . | . . . . Propulsion 6 | 2 2 . 2 Treads 2 | . . . 2 Leg 4 | 2 2 . . Wheel . | . . . . Hover . | . . . . Flight . | . . . . Utility 4 | 2 . 1 1 Device 2 | 1 . . 1 Storage 1 | 1 . . . Processor . | . . . . Hackware . | . . . . Protection 1 | . . 1 . Artifact . | . . . . Weapon 7 | 3 2 . 2 Energy Gun 2 | 1 . . 1 Energy Cannon . | . . . . Ballistic Gun 4 | 2 2 . . Ballistic Cannon 1 | . . . 1 Launcher . | . . . . Special Weapon . | . . . . Impact Weapon . | . . . . Slashing Weapon . | . . . . Piercing Weapon . | . . . . Special Melee Weapon . | . . . . Unidentified Prototypes . | . . . . Parts Lost 8 | . . . 8 Power 2 | . . . 2 Propulsion 2 | . . . 2 Utility 1 | . . . 1 Weapon 3 | . . . 3 Highest Loss Streak 5 | . . . 5 To Critical Strikes . | . . . . Average Slot Usage (%) 89 | . 95 100 82 Engine 8 | . 14 14 5 Treads 2 | . . . 4 Leg 23 | . 26 28 21 Device 4 | . 14 4 3 Storage 14 | . 14 14 14 Protection 9 | . . 9 10 Energy Gun 1 | . . . 2 Ballistic Gun 20 | . 24 28 16 Ballistic Cannon 2 | . . . 4 Peak Build Rating 8 | 7 8 8 8 Average Rating 6 | 5 7 7 6 On Entrance 5 | . 7 8 7 Naked Turns . | . . . . Heaviest Build 12 | 12 12 12 12 Greatest Support 20 | 20 20 20 20 Greatest Overweight (x) 1 | 1 . . . Average Overweight (x) . | . . . . Largest Inventory Capacity 8 | 8 8 8 8 Average Capacity 7 | 7 8 8 8 Most Carried 8 | 6 8 8 8 Average Carried 7 | 4 7 7 7 Final Capacity 8 | 8 8 8 8 Final Carried 8 | 6 8 8 8 Class Distribution -------------------- 100% | Mutant Dominant Class ---------------- Mutant | -10/Materials Mutant | -10/Mines Mutant | -10/Subcaves Resources | -11 -10 -10 -10 ----------- Run | Yrd Mat Min Sub Matter Collected 485 | 313 . 36 136 Remotely . | . . . . Salvage Created 304 | 123 . . 181 Parts 15 | 7 . . 8 Haulers Intercepted . | . . . . Recyclers Shooed 1 | . 1 . . Parts Field Recycled . | . . . . Retrieved Matter . | . . . . Parts Self-Destructed 4 | . . . 4 Prevented . | . . . . Kills | -11 -10 -10 -10 ------- Run | Yrd Mat Min Sub Combat Hostiles Destroyed 5 | . . . 5 Guns 4 | . . . 4 Cannons 1 | . . . 1 Classes Destroyed 4 | 2 . . 2 Tunneler 2 | 2 . . . Recycler 1 | 1 . . . Sentry 1 | . . . 1 Subdweller 4 | . . . 4 Best Kill Streak 1 | 1 . . 1 Combat Bots Only 1 | . . . 1 Max Kills in Single Turn 1 | 1 . . 1 Gunslinging . | . . . . Exploded . | . . . . Melee . | . . . . Uniques/NPCs Destroyed . | . . . . Combat | -11 -10 -10 -10 -------- Run | Yrd Mat Min Sub Hostile Shots Fired 104 | . . 1 103 Missed 32 | . . . 32 Damage Taken 1174 | . . 12 1162 Core 252 | . . 12 240 Absorbed by Shields . | . . . . Redirected to Shielding 52 | . . . 52 Core Remaining (%) 100 | 100 . . . Volleys Fired 52 | 10 5 . 37 Largest 2 | 2 2 . 2 Hottest 55 | 40 40 . 55 Shots Fired 90 | 20 9 . 61 Gun 67 | 20 9 . 38 Cannon 23 | . . . 23 Launcher . | . . . . Special . | . . . . Kinetic 83 | 20 9 . 54 Thermal 7 | . . . 7 Explosive . | . . . . Electromagnetic . | . . . . Robot Hit Streak 20 | 3 4 . 20 Robot Miss Streak 3 | 2 3 . 2 Penetration Max . | . . . . Secondary Targets . | . . . . Shots Hit Robots 69 | 13 4 . 52 Core Hits 20 | 6 1 . 13 Critical Kills . | . . . . Critical Parts Destroyed . | . . . . Critical Strikes 3 | . . . 3 Burn 1 | . . . 1 Blast 2 | . . . 2 Melee Attacks . | . . . . Impact . | . . . . Slashing . | . . . . Piercing . | . . . . Sneak Attacks . | . . . . Combat Hostiles . | . . . . Follow-up Attacks . | . . . . Damage Inflicted 878 | 121 41 . 716 Guns 556 | 121 41 . 394 Cannons 322 | . . . 322 Explosions . | . . . . Melee . | . . . . Ramming . | . . . . Kinetic 792 | 121 41 . 630 Thermal 86 | . . . 86 Explosive . | . . . . Electromagnetic . | . . . . Impact . | . . . . Slashing . | . . . . Piercing . | . . . . Highest Corruption . | . . . . Average Corruption . | . . . . Corruption Purged . | . . . . Corruption Blocked . | . . . . Overload Shots . | . . . . Overflow Damage . | . . . . Projectiles . | . . . . Explosions . | . . . . Melee . | . . . . Knockbacks 6 | . . . 6 Impact . | . . . . Kinetic 6 | . . . 6 Secondary . | . . . . Self-Inflicted Damage . | . . . . Shots . | . . . . Rammed . | . . . . Targets Rammed . | . . . . Kicked . | . . . . Crushed . | . . . . Highest Temperature . | . . . . Average Temperature . | . . . . Received Heat Transfer 168 | . . . 168 Siege Activations . | . . . . Robots Corrupted . | . . . . Combat Hostiles . | . . . . Parts Fried . | . . . . Impact Corruptions . | . . . . Robots Melted . | . . . . Combat Hostiles . | . . . . Parts Melted . | . . . . Heat Transferred 333 | . . . 333 Parts Sabotaged . | . . . . Parts Stolen . | . . . . Parts Stripped . | . . . . Power Chain Reactions . | . . . . Alert | -11 -10 -10 -10 ------- Run | Yrd Mat Min Sub Peak Influence 15 | 15 9 3 . Initial 9 | . 9 3 . Average 5 | 6 9 3 . Maximum Alert Level . | . . . . Low Security (%) 100 | 100 100 100 . Level 1 . | . . . . Level 2 . | . . . . Level 3 . | . . . . Level 4 . | . . . . Level 5 . | . . . . High Security . | . . . . Max Security . | . . . . Squads Dispatched 1 | . 1 . . Investigation 1 | . 1 . . Extermination . | . . . . Reinforcement . | . . . . Assault . | . . . . Garrison . | . . . . Intercept . | . . . . Searches Triggered . | . . . . Construction Impeded . | . . . . Haulers Reinforced . | . . . . Active Scanning Responses . | . . . . Cargo Convoy Interrupts . | . . . . Stealth | -11 -10 -10 -10 --------- Run | Yrd Mat Min Sub Distress Signals . | . . . . Communications Jammed . | . . . . Distress Signals . | . . . . Times Spotted 21 | . 1 8 12 Peak Tracking Total 11 | . 1 11 6 Tactical Retreats . | . . . . Traps | -11 -10 -10 -10 ------- Run | Yrd Mat Min Sub Traps Triggered 2 | . 2 . . Indirectly . | . . . . Trap Hack Attempts . | . . . . Triggered . | . . . . Disarmed . | . . . . Reprogrammed . | . . . . Reused . | . . . . Traps Extracted . | . . . . Installed . | . . . . Triggered . | . . . . Most Traps Carried 1 | . . . 1 Machines | -11 -10 -10 -10 ---------- Run | Yrd Mat Min Sub Machines Disabled . | . . . . Max in Single Turn . | . . . . Machines Repaired . | . . . . Machines Dismantled . | . . . . Machines Sabotaged . | . . . . Overloaded Fab Kills . | . . . . Hacking | -11 -10 -10 -10 --------- Run | Yrd Mat Min Sub Machines Accessed 2 | . 1 . 1 Terminals 1 | . 1 . . Fabricators . | . . . . Repair Stations . | . . . . Recycling Units . | . . . . Scanalyzers . | . . . . Garrison Access . | . . . . Total Hacks 6 | . 2 . 4 Successful 4 | . . . 4 Failed 2 | . 2 . . Catastrophic . | . . . . Database Lockouts . | . . . . Manual 2 | . 2 . . Terminals 2 | . 2 . . Fabricators . | . . . . Repair Stations . | . . . . Recycling Units . | . . . . Scanalyzers . | . . . . Garrison Access . | . . . . Terminal Hacks 4 | . . . 4 Record 4 | . . . 4 Fabricator Hacks . | . . . . Repair Station Hacks . | . . . . Recycling Unit Hacks . | . . . . Scanalyzer . | . . . . Garrison Access Hacks . | . . . . Unauthorized Hacks . | . . . . Terminals . | . . . . Fabricators . | . . . . Repair Stations . | . . . . Recycling Units . | . . . . Scanalyzers . | . . . . Garrison Access . | . . . . Data Cores Recovered . | . . . . Used . | . . . . Hacking Detections 1 | . 1 . . Full Trace Events 1 | . 1 . . Feedback Events . | . . . . Feedback Blocked . | . . . . Robot Schematics Acquired . | . . . . Robots Built . | . . . . Authchips . | . . . . Time . | . . . . Total Robot Build Rating . | . . . . Part Schematics Acquired . | . . . . Parts Built . | . . . . Authchips . | . . . . Time . | . . . . Total Part Build Rating . | . . . . Parts Repaired . | . . . . Time . | . . . . Parts Recycled . | . . . . Recycled Matter . | . . . . Retrieved Matter . | . . . . Retrieved Components . | . . . . Parts Scanalyzed . | . . . . Part Schematics Acquired . | . . . . Parts Damaged . | . . . . Bothacking | -11 -10 -10 -10 ------------ Run | Yrd Mat Min Sub Used RIF Installer . | . . . . Robots Hacked . | . . . . Non-combat . | . . . . Combat . | . . . . Robot Hacks Applied . | . . . . Relay Couplers Released . | . . . . Fabnet Peak Effective % . | . . . . Robots Rewired . | . . . . Allies Hacked . | . . . . Hacks Repelled . | . . . . Allies | -11 -10 -10 -10 -------- Run | Yrd Mat Min Sub Total Allies . | . . . . Largest Group . | . . . . Highest-Rated Group . | . . . . Highest-Rated Ally . | . . . . Total Orders . | . . . . Ally Attacks . | . . . . Total Damage . | . . . . Kills . | . . . . Allies Corrupted . | . . . . Allies Melted . | . . . . Intel | -11 -10 -10 -10 ------- Run | Yrd Mat Min Sub Robot Analysis Total . | . . . . Derelict Logs Recovered 2 | . . 1 1 Drone Launches . | . . . . Drone Recoveries . | . . . . Exploration | -11 -10 -10 -10 ------------- Run | Yrd Mat Min Sub Turns Passed 1269 | 129 136 307 697 Spaces Moved 790 | 62 85 184 459 Core 9 | 9 . . . Treads 75 | . . . 75 Legs 706 | 53 85 184 384 Wheels . | . . . . Hover . | . . . . Flight . | . . . . Fastest Speed 50 | 50 120 120 120 Average Speed 123 | 114 120 120 126 Slowest Speed 160 | 120 120 120 160 Overloaded Moves . | . . . . Propulsion Burnouts . | . . . . Robots Hopped . | . . . . Cave-ins Triggered . | . . . . Exploration Rate (%) 24 | 6 22 35 36 Regions Visited 3 Branch Regions 2 Pre-discovered Areas 2 | . . 1 1 Known Exits Taken . | . . . . Unknown Exits Taken 3 | 1 1 1 . Scrap Searched 3 | . . 1 2 Spaces Dug . | . . . . Terrain Destroyed . | . . . . Melee . | . . . . Projectile . | . . . . AOE . | . . . . Terrain Rammed . | . . . . Walls Destroyed . | . . . . Machines Disabled . | . . . . Actions | -11 -10 -10 -10 --------- Run | Yrd Mat Min Sub Total 997 | 101 109 270 517 Wait 116 | 10 14 84 8 Move 787 | 61 84 183 459 Hop . | . . . . Pick Up 21 | 12 2 1 6 Fast Attach 5 | 1 4 . . Attach 11 | 6 . . 5 Detach . | . . . . Swap 3 | 1 . 1 1 Drop 2 | . . 1 1 Fire 52 | 10 5 . 37 Melee . | . . . . Ram . | . . . . Kick . | . . . . Crush . | . . . . Escape Stasis . | . . . . Rewire . | . . . . Trap . | . . . . Miscellaneous . | . . . . Route ------- -11/Scrapyard -10/Materials -10/Mines -10/Subcaves (discovered 2 exits: [*Mat] / [*Rec]) History --------- Turn | Location | Event 8 | -11/Scrapyard | Discovered new exit (range 16) 130 | -11/Scrapyard | Entered Materials 254 | -10/Materials | Discovered new exit (range 11) 266 | -10/Materials | Entered Mines 308 | -10/Mines | Build established: Mutant 343 | -10/Mines | Assembled infested the area 369 | -10/Mines | Learned location of Storage (-9) 519 | -10/Mines | Discovered new exit (range 5) 573 | -10/Mines | Entered Subcaves 574 | -10/Subcaves | Shifting Twisted Machinery released Spk. Treads 575 | -10/Subcaves | Shifting Twisted Machinery released Sub. Monowheel 865 | -10/Subcaves | Visited Clippyterm 866 | -10/Subcaves | Lost 3 parts (2p1w) 868 | -10/Subcaves | Learned location of Section 7 (-2) 868 | -10/Subcaves | Learned Factory stockpile data 965 | -10/Subcaves | Learned 2 Materials zone layouts 1007 | -10/Subcaves | A swath of the cavern ceiling suddenly collapsed 1050 | -10/Subcaves | Disturbed a concealed Subdweller 1081 | -10/Subcaves | Core integrity fell below 50% 1162 | -10/Subcaves | Lost 5 parts (2n1u2w) 1199 | -10/Subcaves | Shifting Twisted Machinery released Sub. Beam Cannon 1257 | -10/Subcaves | Discovered new exit (range 5) 1258 | -10/Subcaves | Discovered new exit (range 13) 1263 | -10/Subcaves | Core integrity fell below 20% 1270 | -10/Subcaves | Destroyed by Autobeam Turret with Autobeam Last Messages --------------- 01130_ CZ-JS1(R) affixes Scrap Shield Fragment to Scrap Shield. 01131_ X7-WLL(R) knocked back. 01131_ Lgt. Cannon destroyed. 01138_ X7-WLL(R) suffers critical hit (Burn). 01142_ X7-WLL(R) destroyed. 01152_ Acquired Sub. Machine Gun. 01153_ Acquired 3 matter. 01158_ Acquired Disposable Heat Sink. 01159_ Acquired 10 matter. 01160_ Acquired 2 matter. 01172_ CZ-JS1(R) destroyed. 01176_ Acquired 25 matter. Sub. Beam Cannon falls loose from the Twisted Machinery. 01208_ Acquired Sub. Beam Cannon. 01257_ EXIT=FOUND 01262_ S-10 Pest destroyed. 01267_ Flight Unit fries itself beyond repair. 01268_ S-10 Pest destroyed. Map ----- +----------------------------------------------------+ | ?## # #" ## ## ## ##?????????????? | | ?# # "## #?????????????? | | ?## ## ""#### ?????????????? | | ??#" ?## "#??### #?????? ???????????? | | ??#"??? " #??### # # ???????????? | | ??#???" ??## ???????????? | | ??????" " ??# ???????????? | | ?????? #????# #### ???????????? | | ????????????# ## ##?????# ????????????? | | ???????????#" ?#### ###?????????????????????? | | ???????????#" ????# #?????????????????????? | | ??????????# ???## ##?????????????????????? | | ?????????? ???# ##??????????????????????? | | ????????? ###???# #???????????????????????? | | ????????? #??????# #???????????????????????? | | ?????????? ???????## #???????????????????????? | | ????????????????????## ##???????????????????????? | | ????????????????##### #???????????????????????? | | ????????????????# # # ##???????????????????????? | | ????????????????# #????????????????????????? | | ????????????????## # # ########?????????????????? | | ????????????????# #####" """#?????????????????? | | ????????????????## ##???# "#?????????????????? | | ????????????????# ##### "#?????????????????? | | ????????????????## ### s% t""##????????????????? | | ?????????????????# =@ <#????????????????? | | ?????????????# % %s t""##????????????????? | | ?????????????## = # "#?????????????????? | | ??????????????#=%! < # "#?????????????????? | | ?????????????# % ## ##" """#?????????????????? | | ????????????#" / ##############?????????????????? | | ????????????######???????????????????????????????? | | ?????????????????????????????????????????????????? | | ?????????????????????????????????????????????????? | | ?????????????????????????????????????????????????? | | ?????????????????????????????????????????????????? | | ?????????????????????????????????????????????????? | | ?????????????????????????????????????????????????? | | ?????????????????????????????????????????????????? | | ?????????????????????????????????????????????????? | | ?????????????????????????????????????????????????? | | ?????????????????????????????????????????????????? | | ?????????????????????????????????????????????????? | | ?????????????????????????????????????????????????? | | ?????????????????????????????????????????????????? | | ?????????????????????????????????????????????????? | | ?????????????????????????????????????????????????? | | ?????????????????????????????????????????????????? | | ?????????????????????????????????????????????????? | | ?????????????????????????????????????????????????? | +----------------------------------------------------+ Best States ------------- Heat Dissipation 25 Energy Generation 10 Energy Capacity 125 Matter Stores 300 Matter Capacity 300 Sight Range 16 Terrain Scan Density 10 Propulsion Shielding 33 Evasion (%) 55 Recoil Reduction 2 Item Schematics ----------------- None Robot Schematics ------------------ None Fabricated ------------ Nothing Alien Tech Used ----------------- None Achievements -------------- Slippery One Challenges ------------ None Game ------ Seed ControlFlyingAmplifier Manual? 0 Play Time 00:12:51 Cumulative 22.0 hours Start 2024.10.16 @ 19:23:24 End 2024.10.16 @ 19:31:46 Sessions 1 Manual Loads 0 Difficulty Rogue Special Mode None Game No. 52 Rogue 52 Adventurer 0 Explorer 0 Win Type - Total 0 Types 0/0/0/0/0/0/0/0/0 Lore% 15 Gallery% 28 Achievement% 26 Wizard Run 0 Options --------- Layout 1 ASCII 0 Keyboard 0 Movement Mouse Keybinds 0 Fullscreen 1 Font 24/Smallcaps Map View 50x35 Zoom Use 0% Tactical HUD 1 Map Filters NONE Filters NONE Steam 1 RUN: 04d468bb-9f98-47f9-9160-072794a85371